TOP OF THE 1ST |
Wichita State University Shockers batting - Pitching for Ohio State University Buckeyes : RHP Billy Emerson
|
Pitching: RHP Billy Emerson
|
|
Batting: RHB Kyle Gill
|
0-0: Called Strike 0-1: Ball 1-1: Ball 2-1: Foul Ball, location: 2F 2-2: Foul Ball, location: 2F 2-2: Strikes out swinging
|
Batting: SHB Peter Faggard
|
0-0: Ball 1-0: Called Strike 1-1: Ball 2-1: Swinging Strike 2-2: Ball 3-2: Foul Ball, location: 2F 3-2: Ground out U3 (Groundball, 3L, EV 107.5 MPH)
|
Batting: RHB Byron Whitehead
|
0-0: DOUBLE (Flyball, 78XD, EV 105.0 MPH)
|
Batting: RHB Marvin Coffey
|
0-0: Ball 1-0: Ball Passed Ball! Byron Whitehead to third 2-0: Called Strike 2-1: Swinging Strike 2-2: Fly out, F9 (Flyball, 9, EV 90.0 MPH)
|
Top of the 1st over - 0 runs, 1 hit, 0 errors, 1 left on base; Wichita State University 0 - Ohio State University 0 |
BOTTOM OF THE 1ST |
Ohio State University Buckeyes batting - Pitching for Wichita State University Shockers : RHP Steve Dodge
|
Pitching: RHP Steve Dodge
|
|
Batting: LHB Zach Brandt
|
0-0: Called Strike 0-1: Ball 1-1: Ground out U3 (Groundball, 3S, EV 90.0 MPH)
|
Batting: RHB Jacob Carrano
|
0-0: Ball 1-0: Called Strike 1-1: Swinging Strike 1-2: Foul Ball, location: 2F 1-2: Foul Ball, location: 2F 1-2: Ball 2-2: Ball 3-2: Base on Balls
|
Batting: RHB Tristan Gimple
|
0-0: Ball 1-0: Foul Ball, location: 2F 1-1: Ball 2-1: Swinging Strike 2-2: Grounds into double play, 6-4-3 (Groundball, 6, EV 80.6 MPH)
|
Bottom of the 1st over - 0 runs, 0 hits, 0 errors, 0 left on base; Wichita State University 0 - Ohio State University 0 |
TOP OF THE 2ND |
Wichita State University Shockers batting - Pitching for Ohio State University Buckeyes : RHP Billy Emerson
|
Batting: LHB Kyle Lee
|
0-0: Called Strike 0-1: Ball 1-1: Foul Ball, location: 2F 1-2: Strikes out swinging
|
Batting: RHB Jordan Carr
|
0-0: Ball 1-0: Ground out 3-1 (Groundball, 34S, EV 75.6 MPH)
|
Batting: LHB Troy Davies
|
0-0: Called Strike 0-1: Ball 1-1: Ball 2-1: Ball 3-1: Swinging Strike 3-2: Single, Error in OF, E8, batter to second base (Groundball, 4MD, EV 100.6 MPH)
|
Batting: RHB Jeff Grant
|
0-0: Called Strike 0-1: Ball 1-1: Foul Ball, location: 2F 1-2: Strikes out swinging
|
Top of the 2nd over - 0 runs, 1 hit, 1 error, 1 left on base; Wichita State University 0 - Ohio State University 0 |
BOTTOM OF THE 2ND |
Ohio State University Buckeyes batting - Pitching for Wichita State University Shockers : RHP Steve Dodge
|
Batting: LHB Tony Abascal
|
0-0: SINGLE (Groundball, 34D, EV 99.4 MPH)
|
Batting: RHB Masatoshi Mori
|
0-0: Fly out, F9 (Flyball, 89D, EV 91.9 MPH)
|
Batting: LHB Adam Simpson
|
0-0: Ball 1-0: Ball 2-0: Foul Ball, location: 2F 2-1: Foul Ball, location: 2F 2-2: Ball 3-2: Strikes out swinging
|
Batting: RHB Mike Tarantino
|
0-0: Called Strike 0-1: Ball 1-1: Fly out, F8 (Line Drive, 8RM, EV 93.8 MPH)
|
Bottom of the 2nd over - 0 runs, 1 hit, 0 errors, 1 left on base; Wichita State University 0 - Ohio State University 0 |
TOP OF THE 3RD |
Wichita State University Shockers batting - Pitching for Ohio State University Buckeyes : RHP Billy Emerson
|
Batting: RHB Rick McGrath
|
0-0: Ball 1-0: Ball 2-0: Swinging Strike 2-1: Swinging Strike 2-2: Foul Ball, location: 2F 2-2: Strikes out swinging
|
Batting: RHB Kyle Gill
|
0-0: Ball 1-0: Foul Ball, location: 2F 1-1: Ball 2-1: Fly out, F9 (Flyball, 9S, EV 93.1 MPH)
|
Batting: SHB Peter Faggard
|
0-0: Called Strike 0-1: Ball 1-1: DOUBLE (Line Drive, 78D, EV 109.4 MPH)
|
Batting: RHB Byron Whitehead
|
0-0: Ball 1-0: Called Strike 1-1: Called Strike 1-2: Strikes out swinging
|
Top of the 3rd over - 0 runs, 1 hit, 0 errors, 1 left on base; Wichita State University 0 - Ohio State University 0 |
BOTTOM OF THE 3RD |
Ohio State University Buckeyes batting - Pitching for Wichita State University Shockers : RHP Steve Dodge
|
Batting: RHB David Guillen
|
0-0: Ball 1-0: Foul Ball, location: 2F 1-1: Ball 2-1: Ball 3-1: Fly out, F9 (Line Drive, 9, EV 91.2 MPH)
|
Batting: RHB Bill Daniel
|
0-0: Ball 1-0: Ball 2-0: Ground out U3 (Groundball, 34S, EV 73.8 MPH)
|
Batting: LHB Zach Brandt
|
0-0: Ball 1-0: Ball 2-0: Called Strike 2-1: Foul Ball, location: 2F 2-2: Fly out, F7 (Flyball, 7, EV 85.0 MPH)
|
Bottom of the 3rd over - 0 runs, 0 hits, 0 errors, 0 left on base; Wichita State University 0 - Ohio State University 0 |
TOP OF THE 4TH |
Wichita State University Shockers batting - Pitching for Ohio State University Buckeyes : RHP Billy Emerson
|
Batting: RHB Marvin Coffey
|
0-0: Swinging Strike 0-1: Swinging Strike 0-2: Foul Ball, location: 2F 0-2: Foul Ball, location: 2F 0-2: Ball 1-2: Ball 2-2: Ball 3-2: Base on Balls
|
Batting: LHB Kyle Lee
|
0-0: Called Strike 0-1: Foul Ball, location: 2F 0-2: Ball 1-2: Fly out, F8 (Flyball, 78D, EV 83.8 MPH)
|
Batting: RHB Jordan Carr
|
0-0: Ball 1-0: Grounds into double play, 1-6-3 (Groundball, 13, EV 68.8 MPH)
|
Top of the 4th over - 0 runs, 0 hits, 0 errors, 0 left on base; Wichita State University 0 - Ohio State University 0 |
BOTTOM OF THE 4TH |
Ohio State University Buckeyes batting - Pitching for Wichita State University Shockers : RHP Steve Dodge
|
Batting: RHB Jacob Carrano
|
0-0: Ball 1-0: Ball 2-0: SINGLE (Line Drive, 89S, EV 99.4 MPH)
|
Batting: RHB Tristan Gimple
|
0-0: Fielders Choice at 2nd, 5-4 (Groundball, 5, EV 82.5 MPH)
|
Batting: LHB Tony Abascal
|
0-0: Ball 1-0: Ball 2-0: Fielders Choice at 2nd, 4-6 (Groundball, 4S, EV 92.5 MPH)
|
Batting: RHB Masatoshi Mori
|
0-0: Fly out, F9 (Flyball, 9D, EV 99.4 MPH)
|
Bottom of the 4th over - 0 runs, 1 hit, 0 errors, 1 left on base; Wichita State University 0 - Ohio State University 0 |
TOP OF THE 5TH |
Wichita State University Shockers batting - Pitching for Ohio State University Buckeyes : RHP Billy Emerson
|
Batting: LHB Troy Davies
|
0-0: Swinging Strike 0-1: Ground out 6-3 (Groundball, 6, EV 81.9 MPH)
|
Batting: RHB Jeff Grant
|
0-0: Ball 1-0: Foul Ball, location: 2F 1-1: Called Strike 1-2: Foul Ball, location: 2F 1-2: Ball 2-2: Ball 3-2: SINGLE (Groundball, 6MD, EV 104.4 MPH)
|
Pitching: RHP Jason Kaufman
|
|
Batting: RHB Rick McGrath
|
0-0: Called Strike Jeff Grant steals 2nd base 0-1: Foul Ball, location: 2F 0-2: Ball 1-2: Foul Ball, location: 2F 1-2: Hit by Pitch
|
Batting: RHB Kyle Gill
|
0-0: Called Strike 0-1: Swinging Strike 0-2: Foul Ball, location: 2F 0-2: Ball 1-2: Grounds into double play, 6-4-3 (Groundball, 6, EV 110.6 MPH)
|
Top of the 5th over - 0 runs, 1 hit, 0 errors, 1 left on base; Wichita State University 0 - Ohio State University 0 |
BOTTOM OF THE 5TH |
Ohio State University Buckeyes batting - Pitching for Wichita State University Shockers : RHP Steve Dodge
|
Now at C: Mike Chafe
|
|
Batting: LHB Adam Simpson
|
0-0: Ball 1-0: Ball 2-0: Fly out, F7 (Flyball, 7LM, EV 93.1 MPH)
|
Batting: RHB Mike Tarantino
|
0-0: Called Strike 0-1: Ball 1-1: Foul Ball, location: 2F 1-2: Ball 2-2: Strikes out swinging
|
Batting: RHB David Guillen
|
0-0: Ball 1-0: Ball 2-0: SINGLE (Groundball, 6S, EV 68.1 MPH) (infield hit)
|
Batting: RHB Bill Daniel
|
0-0: Fielders Choice at 2nd, 5-4 (Groundball, 56D, EV 83.1 MPH)
|
Bottom of the 5th over - 0 runs, 1 hit, 0 errors, 1 left on base; Wichita State University 0 - Ohio State University 0 |
TOP OF THE 6TH |
Wichita State University Shockers batting - Pitching for Ohio State University Buckeyes : RHP Jason Kaufman
|
Pitching: RHP Josh Henderson
|
|
Batting: SHB Peter Faggard
|
0-0: Ball 1-0: Ball 2-0: SINGLE (Line Drive, 8RS, EV 103.8 MPH)
|
Pinch Hitting: LHB Carlos Flores
|
0-0: Ball 1-0: Ball 2-0: Called Strike 2-1: Foul Ball, location: 2F 2-2: Strikes out swinging
|
Batting: SHB Mike Chafe
|
0-0: Ball 1-0: Ball 2-0: Called Strike 2-1: Foul Ball, location: 2F 2-2: Ball 3-2: Foul Ball, location: 2F 3-2: Base on Balls Peter Faggard to second
|
Pinch Hitting: RHB Alex Zeledon
|
0-0: Ball 1-0: Foul Ball, location: 2F 1-1: Ball Passed Ball! Peter Faggard to third Mike Chafe to second 2-1: Swinging Strike 2-2: Fly out, F8 (Flyball, 8RS, EV 85.6 MPH)
|
Pinch Hitting: RHB Lucio Baratta
|
0-0: Foul Ball, location: 2F 0-1: Foul Ball, location: 2F 0-2: Ball 1-2: Foul Ball, location: 2F 1-2: Ball 2-2: Fly out, F9 (Flyball, 9D, EV 77.5 MPH)
|
Top of the 6th over - 0 runs, 1 hit, 0 errors, 2 left on base; Wichita State University 0 - Ohio State University 0 |
BOTTOM OF THE 6TH |
Ohio State University Buckeyes batting - Pitching for Wichita State University Shockers : RHP Steve Dodge
|
Pitching: LHP Éric Duval
|
|
Now at 1B: Lucio Baratta
|
|
Now at 2B: Alex Zeledon
|
|
Now in RF: Carlos Flores
|
|
Batting: LHB Zach Brandt
|
0-0: Called Strike 0-1: SINGLE (Groundball, 25, EV 71.9 MPH) (infield hit)
|
Batting: RHB Jacob Carrano
|
0-0: Swinging Strike Balk! Zach Brandt to second 0-1: Fly out, F8 (Flyball, 8LXD, EV 82.5 MPH) Runner from 2nd tags up, SAFE at 3rd, no throw by CF
|
Pinch Hitting: LHB Anthony Ross
|
0-0: Ground out 4-3 (Groundball, 4, EV 103.8 MPH)
|
Pinch Hitting: RHB Bo Wu
|
0-0: Ball 1-0: Ball 2-0: Swinging Strike 2-1: Ball 3-1: Swinging Strike 3-2: Foul Ball, location: 2F 3-2: Strikes out looking
|
Bottom of the 6th over - 0 runs, 1 hit, 0 errors, 1 left on base; Wichita State University 0 - Ohio State University 0 |
TOP OF THE 7TH |
Wichita State University Shockers batting - Pitching for Ohio State University Buckeyes : RHP Josh Henderson
|
Pitching: RHP Danny Arnold
|
|
Now at 1B: Anthony Ross
|
|
Now in LF: Bo Wu
|
|
Batting: LHB Greg Burton
|
0-0: Ball 1-0: Called Strike 1-1: Ball 2-1: Fly out, F6 (Flyball, 56D, EV 88.8 MPH)
|
Batting: RHB Jeff Grant
|
0-0: Swinging Strike 0-1: Foul Ball, location: 2F 0-2: Strikes out looking
|
Batting: RHB Rick McGrath
|
0-0: Ball 1-0: Fly out, F8 (Flyball, 8LM, EV 80.0 MPH)
|
Top of the 7th over - 0 runs, 0 hits, 0 errors, 0 left on base; Wichita State University 0 - Ohio State University 0 |
BOTTOM OF THE 7TH |
Ohio State University Buckeyes batting - Pitching for Wichita State University Shockers : LHP Éric Duval
|
Pitching: LHP Blake Gans
|
|
Batting: RHB Marcelo Bardelli
|
0-0: Reached on error, E6 (Groundball, 6S, EV 91.9 MPH)
|
Batting: LHB Adam Simpson
|
0-0: Ball 1-0: Called Strike 1-1: Called Strike 1-2: Ball 2-2: Foul Ball, location: 2F 2-2: Strikes out looking
|
Batting: RHB Mike Tarantino
|
0-0: Called Strike 0-1: Swinging Strike 0-2: DOUBLE (Line Drive, 78D, EV 112.5 MPH) Marcelo Bardelli to third
|
Batting: RHB David Guillen
|
0-0: Ball 1-0: Foul Ball, location: 2F 1-1: Foul Ball, location: 2F 1-2: Strikes out swinging
|
Batting: RHB Bill Daniel
|
0-0: Called Strike 0-1: Swinging Strike 0-2: Strikes out swinging
|
Bottom of the 7th over - 0 runs, 1 hit, 1 error, 2 left on base; Wichita State University 0 - Ohio State University 0 |
TOP OF THE 8TH |
Wichita State University Shockers batting - Pitching for Ohio State University Buckeyes : RHP Danny Arnold
|
Pitching: RHP Harry Jerome
|
|
Batting: RHB Kyle Gill
|
0-0: Ball 1-0: SINGLE (Groundball, 56D, EV 100.6 MPH)
|
Batting: SHB Peter Faggard
|
0-0: Fly out, F7 (Flyball, 78D, EV 91.2 MPH)
|
Pitching: LHP Chase Smith
|
|
Batting: LHB Carlos Flores
|
0-0: Ball 1-0: Ball 2-0: Ball 3-0: Called Strike 3-1: Called Strike 3-2: SINGLE (Flyball, 89S, EV 91.9 MPH) Kyle Gill to second
|
Batting: SHB Mike Chafe
|
0-0: Ball 1-0: Ball 2-0: Ball 3-0: Base on Balls Kyle Gill to third Carlos Flores to second
|
Batting: RHB Alex Zeledon
|
0-0: Ball 1-0: Foul Ball, location: 2F 1-1: Called Strike 1-2: Grounds into fielders choice 5-2 (Groundball, 5, EV 102.5 MPH) Carlos Flores to third Mike Chafe to second
|
Batting: RHB Lucio Baratta
|
0-0: Called Strike 0-1: Swinging Strike 0-2: Strikes out swinging
|
Top of the 8th over - 0 runs, 2 hits, 0 errors, 3 left on base; Wichita State University 0 - Ohio State University 0 |
BOTTOM OF THE 8TH |
Ohio State University Buckeyes batting - Pitching for Wichita State University Shockers : LHP Blake Gans
|
Pitching: LHP Alex Brown
|
|
Batting: LHB Zach Brandt
|
0-0: Called Strike 0-1: Foul Ball, location: 2F 0-2: Strikes out swinging, 2-3 out at first.
|
Batting: RHB Jacob Carrano
|
0-0: Called Strike 0-1: Fly out, F8 (Flyball, 8LD, EV 91.2 MPH)
|
Batting: LHB Anthony Ross
|
0-0: Foul Ball, location: 2F 0-1: Ball 1-1: Foul Ball, location: 2F 1-2: Foul Ball, location: 2F 1-2: SOLO HOME RUN (Flyball, 9LD, EV 95.0 MPH), Distance : 359 ft
|
Batting: RHB Bo Wu
|
0-0: SINGLE (Groundball, 6MD, EV 99.4 MPH)
|
Batting: RHB Marcelo Bardelli
|
0-0: Ball 1-0: Ground out 1-3 (Groundball, 34S, EV 65.0 MPH)
|
Bottom of the 8th over - 1 run, 2 hits, 0 errors, 1 left on base; Wichita State University 0 - Ohio State University 1 |
TOP OF THE 9TH |
Wichita State University Shockers batting - Pitching for Ohio State University Buckeyes : LHP Chase Smith
|
Pitching: RHP Leonidas Panagopoulos
|
|
Batting: LHB Greg Burton
|
0-0: Fly out, F7 (Flyball, 7LSF, EV 76.2 MPH)
|
Batting: RHB Jeff Grant
|
0-0: Ball 1-0: Ball 2-0: Foul Ball, location: 2F 2-1: Ball 3-1: Base on Balls
|
Batting: RHB Rick McGrath
|
0-0: Ground out 5-3 (Groundball, 15, EV 69.4 MPH) Jeff Grant to second
|
Batting: RHB Kyle Gill
|
0-0: Ball 1-0: Ball 2-0: Called Strike 2-1: Ball 3-1: Called Strike 3-2: Base on Balls
|
Batting: SHB Peter Faggard
|
0-0: Called Strike 0-1: Swinging Strike 0-2: Ball 1-2: Foul Ball, location: 2F 1-2: Ball 2-2: Strikes out swinging
|
Top of the 9th over - 0 runs, 0 hits, 0 errors, 2 left on base; Wichita State University 0 - Ohio State University 1 |
|